 Dungeon Crawl Stone Soup version 0.26.1-11-gd32895ea62 (webtiles) character file.

Game seed: 14920219250403726578

113 Almogavar the Magician (level 4, -1/34 HPs)
             Began as a Gnoll Wanderer on July 11, 2021.
             Killed from afar by an orc wizard (8 damage)
             ... with a magic dart
             ... on level 3 of the Dungeon.
             The game lasted 00:05:06 (1820 turns).

Almogavar the Magician (Gnoll Wanderer)             Turns: 1820, Time: 00:05:07

Health: -1/34      AC: 12    Str: 24    XL:     4   Next: 96%
Magic:  11/11      EV: 10    Int: 16    God:
Gold:   174        SH:  0    Dex: 10    Spells: 13/13 levels left

rFire    . . .     SeeInvis .   g - +0 hand axe (vamp)
rCold    . . .     Faith    .   (no shield)
rNeg     . . .     Spirit   .   b - +2 scale mail
rPois    .         Reflect  .   (no helmet)
rElec    .         Harm     .   r - +0 cloak
rCorr    .         Rampage  .   (no gloves)
Will     .....                  o - +1 pair of boots
Stlth    +.........             (no amulet)
HPRegen  0.11/turn              u - +6 ring of strength
MPRegen  0.12/turn              (no ring)

@: no status effects
A: distributed training, fangs 1, strong nose
a: no special abilities


You were on level 3 of the Dungeon.
You visited 1 branch of the dungeon, and saw 3 of its levels.

You collected 174 gold pieces.

Inventory:

Hand Weapons
 a - a +0 shortbow
 g - a +0 vampiric hand axe (weapon)
Missiles
 c - 103 arrows
 e - 11 poisoned darts (quivered)
 l - 37 stones
 q - 21 sling bullets
Armour
 b - a +2 scale mail (worn)
 o - a +1 pair of boots (worn)
 r - a +0 cloak (worn)
Jewellery
 u - a +6 ring of strength (left hand)
Scrolls
 f - a scroll of enchant armour {unknown}
 h - a scroll of random uselessness {unknown}
 j - 2 scrolls of fear {unknown}
 k - 2 scrolls of enchant weapon {unknown}
 s - 3 scrolls of teleportation {unknown}
 t - a scroll of identify {unknown}
Potions
 d - 3 potions of lignification
 i - 2 potions of curing {unknown}
 m - a potion of invisibility {unknown}
 n - a potion of brilliance {unknown}
 p - a potion of cancellation {unknown}


   Skills:
 + Level 2.8 Fighting
 + Level 1.3 Short Blades
 + Level 1.3 Long Blades
 + Level 1.3 Axes
 + Level 1.3 Maces & Flails
 + Level 1.3 Polearms
 + Level 1.3 Staves
 + Level 1.3 Slings
 + Level 2.8 Bows
 + Level 1.3 Crossbows
 + Level 1.3 Throwing
 + Level 2.8 Armour
 + Level 1.3 Dodging
 + Level 2.6 Stealth
 + Level 2.8 Shields
 + Level 1.3 Unarmed Combat
 + Level 5.1 Spellcasting
 + Level 1.0 Conjurations
 + Level 1.0 Hexes
 + Level 1.0 Summonings
 + Level 1.0 Necromancy
 + Level 1.0 Translocations
 + Level 2.3 Transmutations
 + Level 1.0 Fire Magic
 + Level 1.0 Ice Magic
 + Level 1.0 Air Magic
 + Level 3.9 Earth Magic
 + Level 1.0 Poison Magic
 + Level 1.4 Invocations
 + Level 1.3 Evocations


You had 13 spell levels left.
You didn't know any spells.
Your spell library was empty.

Dungeon Overview and Level Annotations

Branches:
Dungeon (3/15)

Altars:
Fedhas
Sif Muna


Innate Abilities, Weirdness & Mutations

Your experience applies equally to all skills.
You have very sharp teeth.
Your uncanny sense of smell can sniff out nearby items.


Message History

Your Translocations skill increases to level 1!
Your Fire Magic skill increases to level 1!
Your Ice Magic skill increases to level 1!
Your Air Magic skill increases to level 1!
Your Poison Magic skill increases to level 1!
You barely miss something. Something hits you but does no damage.
You hear some strange, mumbled words.
A puff of frost appears from out of thin air!
The puff of frost hits you but does no damage.
You hit something but do no damage. Your bite misses something.
Something hits you but does no damage.
You are electrocuted!
You barely miss something. Something hits you but does no damage.
You are electrocuted!
* * * LOW HITPOINT WARNING * * *
Something hits you but does no damage.
You barely miss something. Something hits you but does no damage.
You hear some strange, mumbled words.
A magic dart appears from out of thin air!
The magic dart hits you!
You die...

##.#######.....# #.#
.........#.###.# #.#
.#....†....# #.# #.#
.........#.###.# #.#
...............###############.#
.###.###†#...............>.<...#
.#...# #.........###############
)....# #.#.#.#.#.# ##...#
#.....#.#@# #...# #.....#.#{#
#...###..#.##.#K#
#.......###....o#
#..#.##..#.##..(.#
#..#.##.#†###..#(#
#..#.##..#.##..#(
##..#.##.###.#...(.
##..#.##..#.....#


You could see an orc and a kobold.

Vanquished Creatures
  An orc wizard (D:3)
  2 adders
  An ooze (D:1)
  2 worms (D:2)
  A dart slug (D:3)
  2 orcs (D:3)
  6 bats
  5 giant cockroaches
  10 goblins
  4 hobgoblins
  3 jackals (D:3)
  2 kobolds
  3 ball pythons
  2 frilled lizards (D:3)
  6 rats
50 creatures vanquished.

Notes
Turn   | Place    | Note
-------+----------+-------------------------------------------
     0 | D:1      | Almogavar the Gnoll Wanderer began the quest for the Orb.
     0 | D:1      | Almogavar set off with the following items: a +0 shortbow,
                  | a +2 scale mail, 25 arrows, a potion of lignification
     0 | D:1      | Reached XP level 1. HP: 17/17 MP: 6/6
   127 | D:1      | Reached XP level 2. HP: 23/23 MP: 7/7
   278 | D:1      | Reached XP level 3. HP: 28/28 MP: 9/9
   436 | D:1      | Reached skill level 5 in Spellcasting
   725 | D:2      | Found a shimmering blue altar of Sif Muna.
   943 | D:2      | Reached skill level 1 in Invocations
  1121 | D:2      | Reached skill level 1 in Short Blades
  1121 | D:2      | Reached skill level 1 in Long Blades
  1121 | D:2      | Reached skill level 1 in Axes
  1121 | D:2      | Reached skill level 1 in Maces & Flails
  1121 | D:2      | Reached skill level 1 in Polearms
  1121 | D:2      | Reached skill level 1 in Staves
  1121 | D:2      | Reached skill level 1 in Slings
  1121 | D:2      | Reached skill level 1 in Crossbows
  1121 | D:2      | Reached skill level 1 in Throwing
  1121 | D:2      | Reached skill level 1 in Dodging
  1121 | D:2      | Reached skill level 1 in Unarmed Combat
  1121 | D:2      | Reached skill level 1 in Evocations
  1452 | D:3      | Reached XP level 4. HP: 34/34 MP: 11/11
  1536 | D:3      | Found a blossoming altar of Fedhas.
  1817 | D:3      | Reached skill level 1 in Conjurations
  1817 | D:3      | Reached skill level 1 in Hexes
  1817 | D:3      | Reached skill level 1 in Summonings
  1817 | D:3      | Reached skill level 1 in Necromancy
  1817 | D:3      | Reached skill level 1 in Translocations
  1817 | D:3      | Reached skill level 1 in Fire Magic
  1817 | D:3      | Reached skill level 1 in Ice Magic
  1817 | D:3      | Reached skill level 1 in Air Magic
  1817 | D:3      | Reached skill level 1 in Poison Magic
  1820 | D:3      | Killed from afar by an orc wizard

Illustrated notes

Levels and vault maps discovered:
D:1:      dpeg_arrival_radiant, layout_basic
D:2:      layout_rooms, lemuel_crystal_altar, minmay_misc_feat_four_crosses
D:3:      layout_loops_ring, general_overflow_altar

Skill      XL: |  1  2  3  4 |
---------------+-------------+-----
Transmutations | 2 |  2.3
Spellcasting   | 5 |  5.1
Invocations    | 1 |  1.4
Short Blades   | 1 |  1.3
Long Blades    | 1 |  1.3
Axes           | 1 |  1.3
Maces & Flails | 1 |  1.3
Polearms       | 1 |  1.3
Staves         | 1 |  1.3
Slings         | 1 |  1.3
Crossbows      | 1 |  1.3
Throwing       | 1 |  1.3
Dodging        | 1 |  1.3
Unarmed Combat | 1 |  1.3
Evocations     | 1 |  1.3
Conjurations   | 1 |  1.0
Hexes          | 1 |  1.0
Summonings     | 1 |  1.0
Necromancy     | 1 |  1.0
Translocations | 1 |  1.0
Fire Magic     | 1 |  1.0
Ice Magic      | 1 |  1.0
Air Magic      | 1 |  1.0
Poison Magic   | 1 |  1.0
Fighting       | |  2.8
Bows           | |  2.8
Armour         | |  2.8
Stealth        | |  2.6
Shields        | |  2.8
Earth Magic    | |  3.9

Action                   |  1- 3 |  4- 6 || total
-------------------------+-------+-------++-------
Melee: Hand axe          |    13 |    33 ||    46
       Punch             |       |     1 ||     1
 Fire: Shortbow          |    96 |    29 ||   125
Armor: Scale mail        |    23 |    27 ||    50
Dodge: Dodged            |    20 |    26 ||    46
